Map: Ever Dream LE

Players

HeroMarine - Winner!

  • Race: Terran Terran
  • League: Master
  • Spawn Location: 7:00

Denver

  • Race: Zerg Zerg
  • League: Master
  • Spawn Location: 1:00

Event: StayAtHomestory Cup #2

VOD

Have the link to the VOD?

Description

Time

  • Played on: June 12, 2020, 10:44 a.m.
  • Length: 9:08

All games in this series

Show
View Real Time Build Order
Export as new Build Order

HeroMarine Terran - Winner!

Build Orders:  

Get SALT Encoding   

  12  0:00  SCV  
  13  0:12  SCV  
  14  0:18  Supply Depot  
  15  0:41  Barracks  
  14  0:49  SCV  
  15  0:51  Barracks  
  15  1:01  SCV  
  16  1:13  SCV  
  16  1:15  Refinery  
  17  1:28  Marine, Orbital Command  
  18  1:40  Marine, Bunker  
  18  1:45  Marine  
  20  1:49  Supply Depot  
  20  1:56  Bunker  
  20  1:57  SCV  
  21  2:03  Marine  
  21  2:05  Marine  
  23  2:10  SCV  
  24  2:20  Factory  
  24  2:23  SCV  
  24  2:27  Marine  
  24  2:28  Marine  
  27  2:35  SCV  
  28  2:44  Marine  
  28  2:47  SCV  
  31  3:04  Factory Tech Lab  
  30  3:09  SCV  
  30  3:10  Command Center  
  30  3:21  SCV  
  30  3:22  Supply Depot  
  29  3:41  Cyclone  
  29  3:43  SCV, Starport  
  29  3:45  Refinery  
  33  3:55  SCV  
  33  4:07  SCV  
  34  4:14  Command Center  
  34  4:19  SCV  
  35  4:24  Orbital Command  
  35  4:32  SCV  
  35  4:35  Factory Tech Lab  
  34  4:38  Cloaking Field, Banshee  
  34  4:42  Marine x2  
  34  4:44  SCV, Orbital Command  
  40  4:56  SCV  
  41  5:00  Marine x2  
  41  5:02  Siege Tank  
  46  5:08  SCV  
  46  5:10  SCV  
  46  5:21  Banshee  
  46  5:22  SCV x2  
  46  5:26  SCV  
  39  5:37  SCV x2  
  39  5:38  SCV  
  36  5:52  Orbital Command  
  29  5:57  SCV  
  29  5:59  SCV  
  30  6:09  SCV  
  31  6:11  SCV  
  32  6:19  Marine  
  32  6:20  Marine  
  32  6:21  SCV x2  
  32  6:23  SCV  
  36  6:33  SCV x2  
  36  6:35  SCV  
  36  6:36  Barracks  
  39  6:43  Siege Tank, Bunker  
  39  6:45  Marine x2  
  44  6:49  Starport Reactor  
  44  6:53  SCV x2  
  46  6:55  SCV  
  47  7:05  SCV x2  
  47  7:07  SCV, Marine  
  47  7:08  Marine  
  52  7:15  Supply Depot  
  52  7:17  SCV x2  
  52  7:19  SCV  
  55  7:29  SCV x2  
  57  7:31  SCV  
  57  7:32  Starport Reactor  
  57  7:33  Factory Reactor, Marine  
  59  7:37  Engineering Bay x2  
  59  7:41  SCV x2  
  59  7:43  SCV, Combat Shield  
  62  7:45  Marine x2  
  62  7:48  Marine  
  62  7:51  Marine  
  65  7:54  SCV x2  
  65  7:55  SCV  
  69  8:03  Missile Turret, Marine x2  
  68  8:06  SCV  
  68  8:09  Missile Turret, Refinery x2  
  68  8:11  Missile Turret  
  69  8:19  SCV x2  
  71  8:20  Supply Depot  
  71  8:21  SCV, Missile Turret  
  71  8:22  Marine  
  71  8:23  Marine  
  71  8:24  Marine  
  75  8:27  Marine  
  75  8:31  SCV, Supply Depot  
  76  8:34  SCV  
  76  8:35  Supply Depot  
  76  8:36  SCV  
  76  8:39  Widow Mine  
  76  8:40  Marine  
  76  8:41  Widow Mine  
  81  8:42  Marine x2  
  81  8:45  Marine  
  83  8:55  SCV x2  
  88  8:59  Missile Turret  
Show
View Real Time Build Order
Export as new Build Order

Denver Zerg 

Build Orders: Hatch First 

Get SALT Encoding   

  12  0:00  Drone  
  13  0:13  Overlord  
  13  0:17  Drone  
  14  0:31  Drone x2  
  16  0:48  Hatchery  
  15  0:52  Drone  
  17  0:57  Drone  
  17  1:00  Drone  
  18  1:11  Extractor  
  18  1:16  Spawning Pool  
  16  1:19  Drone  
  16  1:22  Drone  
  18  1:30  Drone  
  19  1:39  Drone  
  20  1:51  Drone  
  21  2:06  Extractor  
  21  2:07  Zergling x4  
  21  2:08  Queen, Roach Warren  
  23  2:12  Overlord  
  23  2:14  Zergling x2  
  24  2:22  Overlord  
  23  2:45  Lair  
  23  2:48  Roach x4  
  31  2:55  Roach  
  33  3:01  Overlord  
  33  3:10  Ravager  
  34  3:13  Ravager  
  34  3:15  Overlord  
  35  3:22  Roach  
  37  3:39  Roach x3  
  43  3:49  Glial Reconstitution  
  43  3:55  Overlord  
  43  4:04  Ravager  
  44  4:11  Roach  
  44  4:14  Roach  
  48  4:23  Roach x2  
  52  4:35  Roach x2  
  56  4:39  Overseer  
  56  4:46  Roach  
  56  4:50  Roach  
  60  5:01  Overlord  
  60  5:07  Ravager  
  60  5:12  Overlord  
  50  5:37  Drone  
  50  5:38  Drone  
  45  5:43  Hatchery  
  45  5:44  Drone  
  45  5:48  Drone  
  41  5:56  Drone x2  
  40  6:01  Drone  
  37  6:08  Queen  
  35  6:17  Overseer  
  35  6:22  Drone x2  
  37  6:32  Spire  
  36  6:37  Spore Crawler  
  33  6:44  Queen  
  35  7:00  Drone x4  
  39  7:07  Drone x3  
  42  7:27  Drone x3  
  42  7:28  Extractor  
  42  7:29  Extractor  
  43  7:45  Mutalisk x6  
  43  7:49  Drone x2  
  53  8:02  Drone  
  53  8:03  Drone x2  
  53  8:09  Drone x2  
  55  8:19  Drone x3  
  58  8:39  Mutalisk x3  
  64  8:45  Overlord  
Tags
 
Add a new tag
Caveats
  • Supply blocks, unpowered buildings, or Contaminate may cause inaccurate times.
  • Supply counts are checked every 10 seconds.